 Dungeon Crawl Stone Soup version 0.21-a0-1-gaf3b9a5 (webtiles) character file.

310 Gorglomux the Ruffian (level 6, -1/47 HPs)
             Began as a Formicid Transmuter on May 20, 2017.
             Slain by a gnoll
             ... wielding a +0 spear
              (6 damage)
             ... on level 3 of the Dungeon.
             The game lasted 00:05:28 (2545 turns).

Gorglomux the Ruffian (Formicid Transmuter)         Turns: 2545, Time: 00:05:29

Health: -1/47      AC:  2    Str: 14    XL:     6   Next: 69%
Magic:  6/9        EV: 19    Int: 15    God:
Gold:   240        SH:  0    Dex: 16    Spells: 3/9 levels left

rFire    . . .     SeeInvis .     - Unarmed
rCold    . . .     Gourm    .   (shield currently unavailable)
rNeg     . . .     Faith    .   (armour currently unavailable)
rPois    x         Spirit   .   (helmet unavailable)
rElec    .         Reflect  .   (cloak currently unavailable)
rCorr    .         Harm     .   (gloves currently unavailable)
MR       .....                  (boots currently unavailable)
Stlth    +.........             (no amulet)
Regen    0.2/turn               (no ring)
MPRegen  0.2/turn               (no ring)

@: spider-form (expiring)
A: permanent stasis, dig shafts and tunnels, four strong arms
a: End Transformation


You were on level 3 of the Dungeon.
You were hungry.
You were a venomous arachnid creature.
You visited 1 branch of the dungeon, and saw 3 of its levels.

You collected 240 gold pieces.

Inventory:

Missiles
 a - 31 arrows
Armour
 b - a +0 robe (melded)
Jewellery
 p - a cursed amulet of inaccuracy {unknown}
   (You found it on level 3 of the Dungeon)
Scrolls
 e - 6 scrolls of identify {unknown}
 h - a scroll of fear {unknown}
 j - 2 scrolls of fog {unknown}
 o - a scroll of teleportation {unknown}
Potions
 i - a potion of cancellation
 l - a potion of degeneration {unknown}
 m - a potion of ambrosia {unknown}
 n - a potion of agility {unknown}
Books
 c - a book of Changes
Comestibles
 d - 3 bread rations {@e1}
 f - a chunk of flesh {@w0}
 g - a royal jelly
 k - a meat ration {@e2}


   Skills:
 + Level 3.1 Fighting
 - Level 1.7 Dodging
 * Level 5.3 Unarmed Combat
 - Level 2.1 Spellcasting
 + Level 4.3 Transmutations


You had 3 spell levels left.
You knew the following spells:

 Your Spells              Type           Power        Failure   Level  Hunger
a - Beastly Appendage     Tmut           ##....       12%         1    #......
c - Spider Form           Tmut/Pois      #.........   47%         3    ###....
s - Sticks to Snakes      Tmut           ##......     16%         2    ###....


Dungeon Overview and Level Annotations

Branches:
Dungeon (3/15)

Altars:
Gozag
Hepliaklqana


Innate Abilities, Weirdness & Mutations

You cannot be hasted, slowed, berserked, paralysed or teleported.
You can dig through walls and to a lower floor.
Your four strong arms can wield two-handed weapons with a shield.
((You have a pair of large antennae on your head. (SInv)))


Message History

An adder is nearby!
You turn into a venomous arachnid creature.
Your +0 robe melds into your body.
Unknown command.
The adder closely misses you.
You hit the adder.
The adder is poisoned.
The adder bites you.
Unknown command.
You bite the adder!
The adder looks as sick as possible!
You kill the adder!
Unknown command.
No target in view!
Unknown command.
No target in view!
No target in view!
You see here an adder corpse.
You butcher the adder corpse.
f - a chunk of flesh {@w0} You now have 234 gold pieces (gained 9).
Your transformation is almost over.
You now have 240 gold pieces (gained 6).
Your transformation has ended.
Your +0 robe unmelds from your body.
You sense a monster nearby.
As you open the door, it creaks loudly!
You hear a shout!
A gnoll and a kobold come into view.
The kobold shouts!
The gnoll shouts!
A gnoll comes into view. It is wielding a spear.
There is an open door here.
Unknown command.
You turn into a venomous arachnid creature.
Your +0 robe melds into your body.
The kobold completely misses you.
You bite the kobold!
You kill the kobold!
A gnoll comes into view. It is wielding a spear.
The gnoll shouts!
The gnoll hits you from afar with a halberd.
A gnoll comes into view. It is wielding a club.
Your transformation is almost over.
The gnoll closely misses you. The gnoll barely misses you.
You barely miss the gnoll.
The gnoll shouts!
You bite the gnoll!
The gnoll is poisoned.
The gnoll hits you from afar with a spear!
The gnoll completely misses you.
You hit the gnoll but do no damage.
The gnoll looks as sick as possible!
The gnoll completely misses you. The gnoll misses you.
You hit the gnoll but do no damage.
The gnoll looks as sick as possible!
The gnoll closely misses you. The gnoll barely misses you.
The gnoll misses you.
You hit the gnoll.
You kill the gnoll!
The gnoll hits you from afar with a spear! x2
Unknown command.
You are too injured to fight recklessly!
You are too injured to fight recklessly!
There is an open door here.
Your transformation has ended.
Your +0 robe unmelds from your body.
You create a snake!
You now have 31 arrows.
The gnoll hits you from afar with a spear!
* * * LOW HITPOINT WARNING * * *
The gnoll closely misses your ball python.
Your ball python bites the gnoll but does no damage.
Your ball python grabs the gnoll.
Your ball python constricts the gnoll.
The gnoll struggles to escape constriction.
Your ball python bites the gnoll but does no damage.
Your ball python constricts the gnoll.
Your ball python bites the gnoll.
Your ball python constricts the gnoll.
The gnoll struggles to escape constriction.
Your ball python bites the gnoll but does no damage.
Your ball python constricts the gnoll.
The gnoll struggles to escape constriction.
Your ball python bites the gnoll but does no damage.
Your ball python constricts the gnoll.
There is an open door here.
The gnoll escapes!
Your ball python closely misses the gnoll. x2
You close the door.
A gnoll opens the door.
Your ball python bites the gnoll but does no damage.
Your ball python grabs the gnoll.
Your ball python constricts the gnoll.
The gnoll barely misses you.
The gnoll struggles to escape constriction.
A gnoll opens the door.
The gnoll barely misses you.
You extend your mandibles.
You dig through the rock wall.
You dig through the rock wall.
You are feeling hungry.
Casting: Sticks to Snakes You turn into a venomous arachnid creature.
Your +0 robe melds into your body.
Your mandibles meld away.
Your transformation is almost over.
You hit the gnoll but do no damage. The gnoll hits you with a spear!
* * * LOW HITPOINT WARNING * * *
Unknown command.
You barely miss the gnoll. The gnoll hits you with a spear.
* * * LOW HITPOINT WARNING * * *
You bite the gnoll!
The gnoll is poisoned.
The gnoll barely misses you. The gnoll hits you with a spear.
You die...

...8#...{...####........##.#
...##..####..# #..≈...P.##.#
.8###{.## ##.# #..≈≈≈≈P.##.#
.##.g...# #S# #.≈≈≈≈≈≈.##.#
##.{#.#.# #.# #...≈≈≈...#.#
#.g##.#.# #.# #.....P.#.#.#
.S##....# #g# ###.#.#.#.#.#
###.###.####.# ##gg#.#.#.#.#
###.....##.# #s#.#.#.#.#.#
#.8...8.#.#####g#.#.#.#.#
#.......#).g.{{.#.#.#.#.#
#....._.....#######.#.#.#.#
#.#.......### #.#.#.#.#
#.#.8...8.# #.#.#.#.# #
##.....## #.#.#.#.#
#..####.#### #.#.#.#.#
#..#.......# #.#.#.#.#


You could see 2 gnolls.

Vanquished Creatures
  Sigmund (D:2)
  An orc wizard (D:3)
  4 adders (D:3)
  A gnoll (D:3)
  An ooze (D:1)
  2 adder zombies (D:3)
  An adder skeleton (D:3)
  A dart slug (D:1)
  3 leopard geckos
  3 orcs (D:3)
  2 ball pythons
  11 bats
  A giant cockroach (D:2)
  6 goblins
  10 hobgoblins
  2 jackals (D:2)
  5 kobolds
  3 frilled lizards
  A jackal zombie (D:3)
  A leopard gecko skeleton (D:3)
  A quokka skeleton (D:3)
  A quokka zombie (D:3)
  7 rats
69 creatures vanquished.

Notes
Turn   | Place    | Note
-------+----------+-------------------------------------------
     0 | D:1      | Gorglomux the Formicid Transmuter began the quest for the Orb.
     0 | D:1      | Reached XP level 1. HP: 15/15 MP: 3/3
   172 | D:1      | Reached XP level 2. HP: 18/21 MP: 5/5
   219 | D:1      | Learned a level 2 spell: Sticks to Snakes
   488 | D:1      | Reached XP level 3. HP: 26/26 MP: 4/6
   557 | D:1      | Learned a level 3 spell: Spider Form
  1044 | D:2      | Reached skill level 3 in Transmutations
  1286 | D:2      | Noticed Sigmund
  1393 | D:2      | Killed Sigmund
  1393 | D:2      | Reached skill level 2 in Fighting
  1393 | D:2      | Reached skill level 4 in Unarmed Combat
  1393 | D:2      | Reached XP level 4. HP: 18/34 MP: 1/7
  1393 | D:2      | Reached XP level 5. HP: 21/40 MP: 1/8
  1393 | D:2      | Reached XP level 6. HP: 24/46 MP: 1/9
  1677 | D:3      | Reached skill level 5 in Unarmed Combat
  1858 | D:3      | Reached skill level 4 in Transmutations
  1870 | D:3      | Reached skill level 3 in Fighting
  2273 | D:3      | Found a hazy altar of Hepliaklqana.
  2432 | D:3      | Found an opulent altar of Gozag.
  2502 | D:3      | HP: 9/47 [gnoll/spear (11)]
  2543 | D:3      | HP: 6/47 [gnoll/spear (9)]
  2545 | D:3      | Slain by a gnoll

Vault maps used:
D:1:      saegor_arrival_simple_c
D:2:      st_stairs_11, uniq_sigmund
D:3:      kb_forest_paths, grunt_gozag_statues, old_standard_altar, first_bread,
          serial_undead, serial_undead_f, serial_undead_f, serial_undead_b,
          serial_undead_a, dk_noncrumbling_4

Skill      XL: |  1  2  3  4  5  6 |
---------------+-------------------+-----
Transmutations | 3 4 |  4.3
Fighting       | 2 3 |  3.1
Unarmed Combat | 4 5 |  5.3
Dodging        | |  1.7
Spellcasting   | |  2.1

Action                   |  1- 3 |  4- 6 || total
-------------------------+-------+-------++-------
Melee: Unarmed           |    86 |    92 ||   178
       Kick              |    13 |     1 ||    14
       Punch             |     1 |       ||     1
 Cast: Beastly Appendage |    14 |     2 ||    16
       Spider Form       |     9 |    13 ||    22
       Sticks to Snakes  |       |     1 ||     1
 Abil: Dig               |     1 |     1 ||     2
  Use: Potion            |     3 |       ||     3
 Stab: Invisible         |     2 |       ||     2
       Sleeping          |       |     1 ||     1
  Eat: Chunk             |     3 |     6 ||     9
Armor: Robe              |     7 |    10 ||    17
       Skin              |     2 |     1 ||     3
Dodge: Dodged            |    68 |    75 ||   143

Vault maps used:
D:1:      saegor_arrival_simple_c
D:2:      st_stairs_11, uniq_sigmund
D:3:      kb_forest_paths, grunt_gozag_statues, old_standard_altar, first_bread,
          serial_undead, serial_undead_f, serial_undead_f, serial_undead_b,
          serial_undead_a, dk_noncrumbling_4

Table legend:
 A = Turns spent in this place as a percentage of turns spent in the entire game.
 B = Non-inter-level travel turns spent in this place as a percentage of non-inter-level travel turns spent in the entire game.
 C = Inter-level travel turns spent in this place as a percentage of turns spent in this place.
 D = Turns resting spent in this place as a percentage of non-inter-level travel turns spent in this place.
 E = Turns spent auto-exploring this place as a percentage of non-inter-level travel turns spent in this place.
 F = Non-inter-level travel turns spent in this place divided by the number of levels of this place that you've seen.
                   A       B       C       D       E      F
               +-------+-------+-------+-------+-------+----------------------
         Total | 100.0 | 100.0 |   0.2 |   1.3 |  10.5 | 338.7
       Dungeon | 100.0 | 100.0 |   0.2 |   1.3 |  10.5 | 338.7
               +-------+-------+-------+-------+-------+----------------------

Table legend:
 A = Kills in this place as a percentage of kills in entire the game.
 B = Kills by you in this place as a percentage of kills by you in the entire game.
 C = Kills by friends in this place as a percentage of kills by friends in the entire game.
 D = Other kills in this place as a percentage of other kills in the entire game.
 E = Experience gained in this place as a percentage of experience gained in the entire game.
 F = Experience gained in this place divided by the number of levels of this place that you have seen.
                   A       B       C       D       E      F
               +-------+-------+-------+-------+-------+----------------------
         Total | 100.0 | 100.0 |  -nan |  -nan | 100.0 | 147.7
       Dungeon | 100.0 | 100.0 |  -nan |  -nan | 100.0 | 147.7
               +-------+-------+-------+-------+-------+----------------------
